[Event "4th Baskent University Open 2019"]
[Site "Ankara"]
[Date "2019.06.20"]
[Round "6"]
[White "Taban, Yagiz"]
[Black "Shapovalovi, Vasiko"]
[Result "1/2-1/2"]
[ECO "A05"]
[WhiteElo "1654"]
[BlackElo "1759"]
[Annotator "NA"]
[PlyCount "133"]
[EventDate "2019.06.18"]
[EventType "swiss"]
[EventCountry "TUR"]
[SourceTitle "playchess.com"]
[Source "ChessBase"]
[SourceQuality "1"]
[TimeControl "5400+30"]

1. Nf3 Nf6 2. b3 e6 3. Bb2 b6 4. g3 Bb7 5. Bg2 Be7 6. d3 O-O 7. e4 d6 8. Nbd2 Nbd7 9. h4 c5 10. Ng5 e5 11. Nc4 Re8 12. Ne3 Bf8 13. f4 d5 14. f5 dxe4 15. dxe4 b5 16. Qe2 Qb6 17. O-O-O c4 18. Kb1 cxb3 19. cxb3 Rad8 20. Ng4 Nxg4 21. Qxg4 Nf6 22. Qe2 Rxd1+ 23. Rxd1 Bc5 24. g4 Bf2 25. Nh3 Bd4 26. g5 Nd7 27. Bxd4 exd4 28. Qd3 Nc5 29. Qxd4 Nxe4 30. Kb2 Nc5 31. Bxb7 Nxb7 32. Nf4 Qxd4+ 33. Rxd4 Nc5 34. Nd5 Kf8 35. f6 Re2+ 36. Kc3 Ne6 37. Rb4 a6 38. a4 Re5 39. axb5 a5 40. Rc4 Rxd5 41. b6 Nc5 42. b4 axb4+ 43. Kxb4 Na6+ 44. Ka4 Rd8 45. b7 gxf6 46. gxf6 Ke8 47. Kb5 Nb8 48. Kb6 Nd7+ 49. Kc7 Nxf6 50. b8=Q Rxb8 51. Kxb8 Kf8 52. Kc7 Kg7 53. Kd6 Kg6 54. Ke5 Nd7+ 55. Kf4 f6 56. Ra4 Ne5 57. Ra7 h5 58. Ra5 Ng4 59. Rb5 Ne5 60. Rb8 Ng4 61. Rg8+ Kh7 62. Ra8 Kg6 63. Ra3 Ne5 64. Rg3+ Ng4 65. Rg1 Kf7 66. Kf5 Ne3+ 67. Ke4 1/2-1/2

[Event "4th Baskent University Open 2019"]
[Site "Ankara"]
[Date "2019.06.20"]
[Round "6"]
[White "Celik, Meric"]
[Black "Uysal, Ugur"]
[Result "1-0"]
[ECO "A08"]
[WhiteElo "1650"]
[BlackElo "1644"]
[Annotator "NA"]
[PlyCount "67"]
[EventDate "2019.06.18"]
[EventType "swiss"]
[EventCountry "TUR"]
[SourceTitle "playchess.com"]
[Source "ChessBase"]
[SourceQuality "1"]
[TimeControl "5400+30"]

1. e4 c5 2. Nf3 e6 3. d3 d5 4. Nbd2 Nc6 5. g3 g6 6. Bg2 Bg7 7. O-O Nge7 8. Re1 O-O 9. e5 Qc7 10. Qe2 b6 11. Nf1 Nd4 12. Nxd4 cxd4 13. Bf4 Ba6 14. h4 b5 15. Nh2 Rac8 16. Rac1 Qa5 17. a3 Qb6 18. Qd2 Kh8 19. h5 Rfe8 20. Bf3 Qc7 21. Bg4 Nc6 22. Nf3 Kg8 23. Kg2 Bb7 24. Re2 Rcd8 25. Rh1 Rd7 26. Qc1 Bh8 27. Qg1 a5 28. Qh2 b4 29. axb4 g5 30. Bxg5 Nxe5 31. Qh4 Nxf3 32. Bxf3 axb4 33. h6 Qd6 34. Bf6 1-0

[Event "4th Baskent University Open 2019"]
[Site "Ankara"]
[Date "2019.06.20"]
[Round "6"]
[White "Sinay, Ahmet"]
[Black "Gocer, Onur Saygin"]
[Result "1-0"]
[ECO "A47"]
[WhiteElo "1636"]
[BlackElo "1595"]
[Annotator "NA"]
[PlyCount "85"]
[EventDate "2019.06.18"]
[EventType "swiss"]
[EventCountry "TUR"]
[SourceTitle "playchess.com"]
[Source "ChessBase"]
[SourceQuality "1"]
[TimeControl "5400+30"]

1. d4 Nf6 2. Bf4 e6 3. e3 b6 4. Nf3 Bb7 5. Be2 Be7 6. h3 d6 7. O-O O-O 8. Nbd2 c5 9. c3 a6 10. Re1 Nc6 11. Bf1 d5 12. Bh2 Rc8 13. Ne5 Nd7 14. Nxc6 Rxc6 15. Bd3 Bd6 16. Bxd6 Rxd6 17. f4 f5 18. Nf3 Rc6 19. Kh2 Rf6 20. Rf1 Rc8 21. Ng5 h6 22. Nf3 Qe8 23. Qe1 b5 24. Qh4 Qe7 25. g4 Rcf8 26. Ne5 Nxe5 27. fxe5 R6f7 28. Qxe7 Rxe7 29. gxf5 c4 30. Bc2 Ref7 31. a4 b4 32. cxb4 exf5 33. Rac1 f4 34. Bg6 Re7 35. Rxf4 Rxf4 36. exf4 Bc6 37. b3 Rb7 38. bxc4 Rxb4 39. cxd5 Rb2+ 40. Rc2 Rxc2+ 41. Bxc2 Bxd5 42. Kg3 Kf7 43. a5 1-0

[Event "4th Baskent University Open 2019"]
[Site "Ankara"]
[Date "2019.06.20"]
[Round "6"]
[White "Sarginalp, Tuna"]
[Black "Sungu, Yagiz Kaan"]
[Result "1/2-1/2"]
[ECO "B52"]
[WhiteElo "1630"]
[BlackElo "1465"]
[Annotator "NA"]
[PlyCount "45"]
[EventDate "2019.06.18"]
[EventType "swiss"]
[EventCountry "TUR"]
[SourceTitle "playchess.com"]
[Source "ChessBase"]
[SourceQuality "1"]
[TimeControl "5400+30"]

1. e4 c5 2. Nf3 d6 3. Bb5+ Bd7 4. Bxd7+ Nxd7 5. O-O g6 6. c3 Bg7 7. d4 Ngf6 8. Qe2 e5 9. dxe5 dxe5 10. Bg5 Qc7 11. a4 O-O 12. Rd1 Rfe8 13. Na3 Qc6 14. Nc4 Re6 15. Bxf6 Bxf6 16. Rd5 Nb6 17. Rd2 Nxc4 18. Qxc4 Rd6 19. Rad1 Rad8 20. Kf1 Rxd2 21. Rxd2 Rxd2 22. Nxd2 Qd7 23. Ke1 1/2-1/2

[Event "4th Baskent University Open 2019"]
[Site "Ankara"]
[Date "2019.06.20"]
[Round "6"]
[White "Elma, Muge"]
[Black "Keseroglu, Yigit Can"]
[Result "1-0"]
[ECO "D34"]
[WhiteElo "1618"]
[BlackElo "1559"]
[Annotator "NA"]
[PlyCount "75"]
[EventDate "2019.06.18"]
[EventType "swiss"]
[EventCountry "TUR"]
[SourceTitle "playchess.com"]
[Source "ChessBase"]
[SourceQuality "1"]
[TimeControl "5400+30"]

1. d4 d5 2. c4 e6 3. Nf3 Nf6 4. g3 Be7 5. Bg2 O-O 6. O-O c5 7. cxd5 exd5 8. Nc3 Nc6 9. a3 h6 10. dxc5 a5 11. Be3 Bg4 12. Nd4 Rb8 13. h3 Be6 14. Ncb5 Qd7 15. Kh2 Ne4 16. Bxe4 dxe4 17. Nxe6 Qxe6 18. Qa4 Bg5 19. Bxg5 hxg5 20. Nd4 Nxd4 21. Qxd4 Rbd8 22. Qc3 Kh7 23. Rad1 Kg6 24. Rxd8 Rxd8 25. Qxa5 Qd5 26. Kg1 Rh8 27. Qb6+ f6 28. Qd6 Qc4 29. e3 Rxh3 30. Kg2 Rh8 31. Qd4 Qc2 32. b4 Re8 33. Qd1 Qb2 34. Rh1 Kf7 35. Qh5+ Ke7 36. Qg6 Kd8 37. Rd1+ Ke7 38. Qxg7+ 1-0

[Event "4th Baskent University Open 2019"]
[Site "Ankara"]
[Date "2019.06.20"]
[Round "6"]
[White "Gultekin, Celal"]
[Black "Yildirim, Ibrahim Halil"]
[Result "0-1"]
[ECO "D18"]
[WhiteElo "1533"]
[BlackElo "1787"]
[Annotator "NA"]
[PlyCount "98"]
[EventDate "2019.06.18"]
[EventType "swiss"]
[EventCountry "TUR"]
[SourceTitle "playchess.com"]
[Source "ChessBase"]
[SourceQuality "1"]
[TimeControl "5400+30"]

1. d4 d5 2. c4 c6 3. Nf3 Nf6 4. Nc3 dxc4 5. a4 Bf5 6. e3 e6 7. Bxc4 Bb4 8. O-O Nbd7 9. Qb3 a5 10. Nh4 Be4 11. Nxe4 Nxe4 12. Nf3 Qe7 13. Qc2 Nef6 14. e4 e5 15. Bg5 O-O 16. Nh4 exd4 17. Nf5 Qxe4 18. Bd3 Qd5 19. f4 Ng4 20. Rad1 g6 21. Nh6+ Nxh6 22. Bxh6 Rfe8 23. f5 Ne5 24. fxg6 hxg6 25. Qf2 Nxd3 26. Qf6 Bf8 27. Bxf8 Rxf8 28. Rxd3 Qe6 29. Qh4 Qe5 30. Rh3 Qg7 31. Rf6 Rad8 32. Rd3 Rfe8 33. Rxd4 Rxd4 34. Qxd4 Re1+ 35. Kf2 Re6 36. Qd8+ Kh7 37. Rf3 Qxb2+ 38. Kg3 Qe5+ 39. Kh3 Kg7 40. g4 Re8 41. Qd7 Rh8+ 42. Kg2 Qxh2+ 43. Kf1 Qh1+ 44. Kf2 Rh2+ 45. Ke3 Qe1+ 46. Kf4 Qd2+ 47. Qxd2 Rxd2 48. Rb3 Rd4+ 49. Kg3 Rb4 0-1

[Event "4th Baskent University Open 2019"]
[Site "Ankara"]
[Date "2019.06.21"]
[Round "7"]
[White "Mammadov, Zaur"]
[Black "Gulbeyaz, Emir"]
[Result "1-0"]
[ECO "D78"]
[WhiteElo "2428"]
[BlackElo "2157"]
[Annotator "NA RC"]
[PlyCount "67"]
[EventDate "2019.06.18"]
[EventType "swiss"]
[EventCountry "TUR"]
[SourceTitle "playchess.com"]
[Source "ChessBase"]
[SourceQuality "1"]
[TimeControl "5400+30"]

1. d4 Nf6 2. Nf3 g6 3. Nbd2 d5 4. c4 c6 5. g3 Bg7 6. Bg2 O-O 7. O-O a5 8. Re1 a4 9. Ne5 Ng4 10. Nef3 c5 11. h3 Nf6 12. dxc5 Nbd7 13. cxd5 Nxc5 14. e4 Nd3 15. Re3 Nxc1 16. Rxc1 Bd7 17. Rec3 e6 18. d6 Bc6 19. Qe2 Nd7 20. R3c2 Qb8 21. Nc4 Bb5 22. Qd2 Ra6 23. Rd1 Rd8 24. Na3 Bc6 25. Nd4 Ne5 26. f4 Rxd6 27. fxe5 Bxe5 28. Qf2 Rd7 29. Rd3 Bxd4 30. Rxd4 Rxd4 31. Qxd4 Qxg3 32. Qd8+ Kg7 33. Rf2 Bxe4 34. Qd4+ 1-0

[Event "4th Baskent University Open 2019"]
[Site "Ankara"]
[Date "2019.06.21"]
[Round "7"]
[White "Simantsev, Mikhail"]
[Black "Gulsoy, Mustafa Alpago"]
[Result "1-0"]
[ECO "A42"]
[WhiteElo "2371"]
[BlackElo "2055"]
[Annotator "NA RC"]
[PlyCount "59"]
[EventDate "2019.06.18"]
[EventType "swiss"]
[EventCountry "TUR"]
[SourceTitle "playchess.com"]
[Source "ChessBase"]
[SourceQuality "1"]
[TimeControl "5400+30"]

1. d4 d6 2. Nf3 g6 3. c4 Bg7 4. Nc3 Nc6 5. e4 e5 6. Bg5 f6 7. Be3 Nh6 8. h3 O-O 9. d5 Ne7 10. Qd2 Nf7 11. Bd3 f5 12. g3 fxe4 13. Nxe4 Nf5 14. g4 Nxe3 15. fxe3 Bh6 16. O-O-O Bd7 17. Rdg1 c6 18. g5 Bg7 19. h4 b5 20. h5 Nh8 21. Nh4 cxd5 22. cxd5 Rf7 23. hxg6 hxg6 24. Kb1 Bf5 25. Nxf5 gxf5 26. Nf6+ Rxf6 27. gxf6 Qxf6 28. Qh2 Ng6 29. Qh7+ Kf7 30. Rh6 1-0

[Event "4th Baskent University Open 2019"]
[Site "Ankara"]
[Date "2019.06.21"]
[Round "7"]
[White "Arat, Ufuk Sezen"]
[Black "Bagaturov, Giorgi"]
[Result "1/2-1/2"]
[ECO "A47"]
[WhiteElo "2368"]
[BlackElo "2422"]
[Annotator "RC"]
[PlyCount "125"]
[EventDate "2019.06.18"]
[EventType "swiss"]
[EventCountry "TUR"]
[SourceTitle "playchess.com"]
[Source "ChessBase"]
[SourceQuality "1"]
[TimeControl "5400+30"]

1. d4 Nf6 2. Nf3 e6 3. e3 b6 4. Bd3 Bb7 5. Nbd2 c5 6. c3 Nc6 7. O-O Qc7 8. a3 d5 9. Re1 Be7 10. dxc5 Bxc5 11. h3 Rd8 12. Qe2 O-O 13. e4 Nh5 14. Nf1 Ne5 15. Bc2 dxe4 16. Bxe4 Bxe4 17. Qxe4 Nd3 18. Re2 Nxc1 19. Rxc1 Nf4 20. Rec2 f5 21. Qe5 Bd6 22. Qb5 Qb7 23. Rd2 Nxh3+ 24. gxh3 Qxf3 25. Rcd1 Bc5 26. Qc4 Bxf2+ 27. Kh2 Bh4 28. Qxe6+ Kh8 29. Rxd8 Bxd8 30. Qd5 Bc7+ 31. Kg1 Qxh3 32. Qg2 Qh6 33. Rd7 Bd6 34. b4 Be5 35. c4 Qf6 36. Rxa7 Bd4+ 37. Kh1 Qh6+ 38. Nh2 Qc1+ 39. Qf1 Qe3 40. Qg2 h6 41. Nf1 Qc1 42. Ra8 Rxa8 43. Qxa8+ Kh7 44. Qf3 Qb1 45. Kg2 Qc2+ 46. Kh1 Qf2 47. Qxf2 Bxf2 48. Kg2 Bd4 49. Ng3 Kg6 50. Ne2 Bb2 51. a4 Be5 52. Kf3 Kf6 53. a5 bxa5 54. bxa5 Bc7 55. a6 Bb6 56. Nf4 Ba7 57. Nd5+ Ke5 58. Ne7 Bc5 59. Nc6+ Kd6 60. a7 Bxa7 61. Nxa7 g5 62. Nc8+ Kc5 63. Ne7 1/2-1/2

[Event "4th Baskent University Open 2019"]
[Site "Ankara"]
[Date "2019.06.21"]
[Round "7"]
[White "Kazimova, Narmin"]
[Black "Nikcevic, Nebojsa"]
[Result "1-0"]
[ECO "A28"]
[WhiteElo "2271"]
[BlackElo "2420"]
[Annotator "NA RC"]
[PlyCount "85"]
[EventDate "2019.06.18"]
[EventType "swiss"]
[EventCountry "TUR"]
[SourceTitle "playchess.com"]
[Source "ChessBase"]
[SourceQuality "1"]
[TimeControl "5400+30"]

1. c4 e5 2. Nc3 Nf6 3. Nf3 Nc6 4. d4 exd4 5. Nxd4 Bb4 6. Bg5 h6 7. Bh4 Bxc3+ 8. bxc3 Ne5 9. f4 Ng6 10. Bxf6 Qxf6 11. g3 O-O 12. Bg2 d6 13. O-O c6 14. Rb1 Rd8 15. e4 Nf8 16. Qh5 Qe7 17. Rbe1 Nh7 18. Bh3 Qf8 19. Bxc8 Raxc8 20. e5 Re8 21. Kh1 g6 22. Qh4 dxe5 23. fxe5 Qg7 24. e6 f6 25. Re3 Re7 26. Qf4 h5 27. g4 hxg4 28. Qxg4 c5 29. Nb5 Rc6 30. Nxa7 f5 31. Qe2 Ra6 32. Nc8 Re8 33. e7 Nf6 34. Rd1 Qh6 35. Re6 Ne4 36. Rxe4 fxe4 37. Qxe4 Rxa2 38. Qe6+ Kg7 39. Qe5+ Kh7 40. Rf1 Qh3 41. Rf7+ Kh6 42. Qf4+ g5 43. Qf6+ 1-0

[Event "4th Baskent University Open 2019"]
[Site "Ankara"]
[Date "2019.06.21"]
[Round "7"]
[White "Kizilkus, Akin"]
[Black "Pacher, Milan"]
[Result "1/2-1/2"]
[ECO "A65"]
[WhiteElo "2131"]
[BlackElo "2434"]
[Annotator "NA RC"]
[PlyCount "104"]
[EventDate "2019.06.18"]
[EventType "swiss"]
[EventCountry "TUR"]
[SourceTitle "playchess.com"]
[Source "ChessBase"]
[SourceQuality "1"]
[TimeControl "5400+30"]

1. d4 Nf6 2. c4 c5 3. d5 e6 4. Nc3 exd5 5. cxd5 d6 6. e4 g6 7. Bd3 Bg7 8. h3 O-O 9. Bg5 a6 10. a4 Nbd7 11. Nf3 Re8 12. O-O Qc7 13. Re1 h6 14. Be3 c4 15. Bc2 Nc5 16. Bd4 Bd7 17. e5 dxe5 18. Nxe5 Nh5 19. d6 Qxd6 20. Bxc5 Qxc5 21. Nxd7 Qc7 22. Rxe8+ Rxe8 23. a5 Rd8 24. Ba4 Qxa5 25. Nd5 Bxb2 26. Rb1 c3 27. g4 Ng7 28. N5f6+ Kh8 29. Bb3 Qg5 30. Qe2 c2 31. Bxc2 Bxf6 32. Nxf6 Qxf6 33. Rxb7 Ne6 34. Rb6 Kg7 35. Qe3 Qg5 36. Qc3+ Nd4 37. Bxg6 Qe5 38. Qe3 Qc5 39. Rxa6 fxg6 40. Rc6 Qd5 41. Qe7+ Qf7 42. Rxg6+ Kxg6 43. Qxd8 Ne2+ 44. Kg2 Nf4+ 45. Kg3 Nd5 46. Qd6+ Nf6 47. h4 Qb3+ 48. f3 Qc3 49. Qe7 Qd4 50. h5+ Nxh5+ 51. gxh5+ Kf5 52. Qf7+ Qf6 1/2-1/2

[Event "4th Baskent University Open 2019"]
[Site "Ankara"]
[Date "2019.06.21"]
[Round "7"]
[White "Yildirim, Ibrahim Halil"]
[Black "Ipek, Yunus Enes"]
[Result "1-0"]
[ECO "B54"]
[WhiteElo "1787"]
[BlackElo "1628"]
[Annotator "NA RC"]
[PlyCount "43"]
[EventDate "2019.06.18"]
[EventType "swiss"]
[EventCountry "TUR"]
[SourceTitle "playchess.com"]
[Source "ChessBase"]
[SourceQuality "1"]
[TimeControl "5400+30"]

1. e4 c5 2. Nf3 a6 3. c4 d6 4. d4 cxd4 5. Nxd4 Nf6 6. Nc3 g6 7. Be3 Ng4 8. Bg5 h6 9. Bh4 Qb6 10. Nd5 Qd8 11. Be2 Ne5 12. f4 g5 13. fxe5 gxh4 14. Bh5 dxe5 15. O-O exd4 16. Bxf7+ Kd7 17. Qxd4 Bg7 18. Nb6+ Kc6 19. Bd5+ Kd6 20. c5+ Kc7 21. Nxa8+ Kd7 22. Qxg7 1-0

[Event "4th Baskent University Open 2019"]
[Site "Ankara"]
[Date "2019.06.21"]
[Round "7"]
[White "Shapovalovi, Vasiko"]
[Black "Sinay, Ahmet"]
[Result "1-0"]
[ECO "A36"]
[WhiteElo "1759"]
[BlackElo "1636"]
[Annotator "NA"]
[PlyCount "41"]
[EventDate "2019.06.18"]
[EventType "swiss"]
[EventCountry "TUR"]
[SourceTitle "playchess.com"]
[Source "ChessBase"]
[SourceQuality "1"]
[TimeControl "5400+30"]

1. c4 Nf6 2. Nc3 g6 3. g3 Bg7 4. Bg2 O-O 5. d3 d6 6. e3 c5 7. Nge2 Nc6 8. O-O e6 9. Rb1 Qd7 10. a3 Rb8 11. b4 b6 12. d4 Bb7 13. dxc5 dxc5 14. bxc5 bxc5 15. Qxd7 Nxd7 16. Rxb7 Rxb7 17. Bxc6 Rc7 18. Bb5 Ra8 19. Rd1 Nb6 20. Ba6 Nd7 21. Nb5 1-0

[Event "4th Baskent University Open 2019"]
[Site "Ankara"]
[Date "2019.06.21"]
[Round "7"]
[White "Sahin, Arda"]
[Black "Taban, Yagiz"]
[Result "1-0"]
[ECO "D02"]
[WhiteElo "1710"]
[BlackElo "1654"]
[Annotator "NA RC"]
[PlyCount "36"]
[EventDate "2019.06.18"]
[EventType "swiss"]
[EventCountry "TUR"]
[SourceTitle "playchess.com"]
[Source "ChessBase"]
[SourceQuality "1"]
[TimeControl "5400+30"]

1. Nf3 Nf6 2. d4 e6 3. Bf4 b6 4. e3 Bb7 5. Nbd2 d5 6. Bd3 Nbd7 7. c3 Be7 8. Ne5 Nxe5 9. Bxe5 Bd6 10. f4 h5 11. Qf3 Qe7 12. O-O O-O-O 13. a4 Rdg8 14. a5 Ng4 15. axb6 axb6 16. Ra7 Bc6 17. Qe2 Kd7 18. Bb5 Nf6 1-0

[Event "4th Baskent University Open 2019"]
[Site "Ankara"]
[Date "2019.06.21"]
[Round "7"]
[White "Cevizci, Yusuf Baran"]
[Black "Alpman, Gokay Evren"]
[Result "1/2-1/2"]
[ECO "C02"]
[WhiteElo "1670"]
[BlackElo "1647"]
[Annotator "NA RC"]
[PlyCount "90"]
[EventDate "2019.06.18"]
[EventType "swiss"]
[EventCountry "TUR"]
[SourceTitle "playchess.com"]
[Source "ChessBase"]
[SourceQuality "1"]
[TimeControl "5400+30"]

1. e4 e6 2. d4 d5 3. e5 c5 4. c3 Nc6 5. Nf3 Qb6 6. Na3 cxd4 7. cxd4 Bxa3 8. bxa3 Qa5+ 9. Qd2 Bd7 10. Rb1 Rb8 11. Bd3 Nge7 12. O-O Qxd2 13. Bxd2 O-O 14. Rfc1 Rfc8 15. Bb4 Nxb4 16. axb4 a6 17. Nd2 Ba4 18. Rc5 Rc6 19. Rxc6 Nxc6 20. Nf3 Na7 21. Rc1 Rc8 22. Rxc8+ Nxc8 23. Kf1 h6 24. Ke2 Kf8 25. Ke3 Ke7 26. g4 Na7 27. Ne1 Nc6 28. a3 Na7 29. f4 g6 30. Ng2 Bd1 31. h3 h5 32. g5 Kf8 33. Kd2 Ba4 34. Ne1 Ke7 35. Be2 Nc6 36. Kc3 Na7 37. h4 Bb5 38. Bd3 Bxd3 39. Kxd3 Nc6 40. Kc3 Kd7 41. Nd3 b6 42. Ne1 Ne7 43. Ng2 Nf5 44. a4 Kc6 45. Kd3 Kd7 1/2-1/2

[Event "4th Baskent University Open 2019"]
[Site "Ankara"]
[Date "2019.06.21"]
[Round "7"]
[White "Ersahince, Umut Utku"]
[Black "Sarginalp, Tuna"]
[Result "0-1"]
[ECO "D30"]
[WhiteElo "1637"]
[BlackElo "1630"]
[Annotator "NA RC"]
[PlyCount "96"]
[EventDate "2019.06.18"]
[EventType "swiss"]
[EventCountry "TUR"]
[SourceTitle "playchess.com"]
[Source "ChessBase"]
[SourceQuality "1"]
[TimeControl "5400+30"]

1. Nf3 d5 2. e3 Nf6 3. c4 e6 4. b3 Nbd7 5. Bb2 c6 6. d4 Bd6 7. Bd3 O-O 8. O-O Ne4 9. Qc2 f5 10. Ba3 Bxa3 11. Nxa3 Rf6 12. h4 Rg6 13. Qb2 Ndf6 14. Qc2 Bd7 15. Rab1 Rh6 16. g3 Ng4 17. Kg2 Nexf2 18. Qe2 Qe7 19. c5 Nxd3 20. Qxd3 e5 21. dxe5 Qxc5 22. Nc2 Re8 23. Ncd4 Nxe5 24. Nxe5 Rxe5 25. Rbe1 Rf6 26. Rf3 Qe7 27. Ref1 Re4 28. Qc3 g6 29. Kf2 c5 30. Nc2 Bc6 31. a4 Rfe6 32. Qa5 d4 33. Qxa7 dxe3+ 34. Ke2 Rd6 35. Rxe3 Rxe3+ 36. Nxe3 Re6 37. Qb8+ Kg7 38. Qf4 Re4 39. Qf2 Rb4 40. Rb1 Bxa4 41. Qe1 Bb5+ 42. Kf2 Qe5 43. Qd2 Rd4 44. Qb2 f4 45. Ng4 fxg3+ 46. Kg1 Rd1+ 47. Kg2 Bc6+ 48. Kh3 Rh1+ 0-1

[Event "4th Baskent University Open 2019"]
[Site "Ankara"]
[Date "2019.06.21"]
[Round "7"]
[White "Keseroglu, Yigit Can"]
[Black "Yilmaz, Hasan"]
[Result "1-0"]
[ECO "A25"]
[WhiteElo "1559"]
[BlackElo "1600"]
[Annotator "NA RC"]
[PlyCount "149"]
[EventDate "2019.06.18"]
[EventType "swiss"]
[EventCountry "TUR"]
[SourceTitle "playchess.com"]
[Source "ChessBase"]
[SourceQuality "1"]
[TimeControl "5400+30"]

1. c4 e5 2. Nc3 Nc6 3. g3 Nf6 4. Bg2 Bc5 5. e3 d6 6. Nge2 Be6 7. Nd5 Bg4 8. d3 a5 9. h3 Bh5 10. a3 Rb8 11. Bd2 Bxe2 12. Kxe2 O-O 13. b4 axb4 14. axb4 Nxd5 15. bxc5 Nf6 16. Bc3 Re8 17. Qc2 Nd4+ 18. Bxd4 exd4 19. cxd6 dxe3 20. c5 Nh5 21. Bf3 Qg5 22. Rhg1 cxd6 23. h4 Qe5 24. Ra4 exf2+ 25. Kxf2 Nf6 26. Rc4 d5 27. Rb4 d4 28. Qc4 Nd7 29. Qxd4 Nxc5 30. Kg2 Qxd4 31. Rxd4 Red8 32. Rxd8+ Rxd8 33. Rc1 b6 34. Rb1 Rb8 35. d4 Na4 36. Bc6 Nc3 37. Rb3 Ne2 38. Rd3 Nc1 39. Rd1 Nb3 40. d5 Na5 41. Bb5 Nb7 42. d6 Kf8 43. Kf3 Rd8 44. d7 Ke7 45. Kf4 Nc5 46. Re1+ Kd6 47. Re8 Kc7 48. Re7 Ne6+ 49. Ke5 Nc5 50. Rxf7 Nxd7+ 51. Ke6 Re8+ 52. Kd5 Re5+ 53. Kc4 Re4+ 54. Kd3 Re1 55. Rxd7+ Kc8 56. Rxg7 Rd1+ 57. Kc4 Rc1+ 58. Kd4 Rg1 59. Ke5 h5 60. Kf4 Rb1 61. Rg5 Rb4+ 62. Ke3 Rb3+ 63. Bd3 Kc7 64. Rxh5 Kc6 65. Rg5 b5 66. Rxb5 Ra3 67. Rf5 Kd6 68. h5 Ke6 69. g4 Rc3 70. h6 Rc1 71. h7 Rh1 72. Rh5 Rxh5 73. gxh5 Kf7 74. h8=Q Ke7 75. Ke4 1-0

[Event "4th Baskent University Open 2019"]
[Site "Ankara"]
[Date "2019.06.21"]
[Round "7"]
[White "Duru, Ipek"]
[Black "Elma, Muge"]
[Result "1/2-1/2"]
[ECO "B25"]
[WhiteElo "1551"]
[BlackElo "1618"]
[Annotator "NA"]
[PlyCount "45"]
[EventDate "2019.06.18"]
[EventType "swiss"]
[EventCountry "TUR"]
[SourceTitle "playchess.com"]
[Source "ChessBase"]
[SourceQuality "1"]
[TimeControl "5400+30"]

1. e4 c5 2. Nc3 d6 3. g3 g6 4. Bg2 Bg7 5. d3 Nc6 6. f4 e6 7. Nf3 Nge7 8. O-O O-O 9. Be3 Nd4 10. Rb1 Rb8 11. Ne2 Nxf3+ 12. Bxf3 b6 13. d4 Bb7 14. Qd2 cxd4 15. Nxd4 d5 16. e5 Qd7 17. Bg4 Nc6 18. Nxc6 Qxc6 19. Bd4 Rbc8 20. c3 a5 21. Be2 f6 22. Bd3 f5 23. Qe2 1/2-1/2

[Event "4th Baskent University Open 2019"]
[Site "Ankara"]
[Date "2019.06.21"]
[Round "7"]
[White "Sungu, Yagiz Kaan"]
[Black "Celik, Meric"]
[Result "1/2-1/2"]
[ECO "B41"]
[WhiteElo "1465"]
[BlackElo "1650"]
[Annotator "NA RC"]
[PlyCount "93"]
[EventDate "2019.06.18"]
[EventType "swiss"]
[EventCountry "TUR"]
[SourceTitle "playchess.com"]
[Source "ChessBase"]
[SourceQuality "1"]
[TimeControl "5400+30"]

1. e4 c5 2. Nf3 e6 3. d4 cxd4 4. Nxd4 a6 5. c4 Nf6 6. f3 Qc7 7. Nc3 Bc5 8. Be3 d6 9. Qd2 O-O 10. Be2 e5 11. Nc2 Bxe3 12. Nxe3 Be6 13. Ncd5 Nxd5 14. cxd5 Bc8 15. Rc1 Qe7 16. O-O Nd7 17. Nf5 Qf6 18. g4 g6 19. g5 Qd8 20. Nh6+ Kg7 21. Ng4 f5 22. gxf6+ Nxf6 23. Nxf6 Qb6+ 24. Kg2 Rxf6 25. f4 Bd7 26. fxe5 Rxf1 27. Bxf1 dxe5 28. Qc3 Qf6 29. Qg3 Rc8 30. Rxc8 Bxc8 31. Be2 Kh6 32. Bg4 Bxg4 33. Qxg4 b5 34. Kg3 Kg7 35. Qd7+ Kh6 36. Qh3+ Kg7 37. Qd7+ Kh6 38. Qg4 Kg7 39. h4 Qf1 40. Qg5 Qe1+ 41. Kf3 Qd1+ 42. Ke3 Qd4+ 43. Kf3 Qd1+ 44. Ke3 Qd4+ 45. Kf3 Qd1+ 46. Ke3 Qc1+ 47. Kf3 1/2-1/2

[Event "4th Baskent University Open 2019"]
[Site "Ankara"]
[Date "2019.06.21"]
[Round "8"]
[White "Annaberdiev, Meilis"]
[Black "Arat, Ufuk Sezen"]
[Result "1/2-1/2"]
[ECO "D02"]
[WhiteElo "2532"]
[BlackElo "2368"]
[Annotator "ChessBase"]
[PlyCount "59"]
[EventDate "2019.06.18"]
[EventType "swiss"]
[EventCountry "TUR"]
[SourceTitle "playchess.com"]
[Source "ChessBase"]
[SourceQuality "1"]
[TimeControl "5400+30"]

1. d4 d5 2. Bf4 Nf6 3. e3 e6 4. Nd2 Bd6 5. Bg3 O-O 6. Ngf3 b6 7. Ne5 c5 8. Bh4 Be7 9. c3 Nfd7 10. Nxd7 Qxd7 11. Bg3 Ba6 12. Bxa6 Nxa6 13. O-O Bd6 14. Bxd6 Qxd6 15. Qe2 Nc7 16. Rfd1 e5 17. dxe5 Qxe5 18. Nf3 Qe7 19. Qc2 Rad8 20. Qa4 Ne6 21. Rd2 Rd6 22. Rad1 Rfd8 23. Qg4 g6 24. Qg3 Ng7 25. h4 Nf5 26. Qf4 Qe4 27. g4 Qxf4 28. exf4 Ng7 29. Ne5 Ne6 30. Nc4 1/2-1/2

[Event "4th Baskent University Open 2019"]
[Site "Ankara"]
[Date "2019.06.21"]
[Round "8"]
[White "Maghalashvili, Davit"]
[Black "Kazimova, Narmin"]
[Result "1/2-1/2"]
[ECO "A34"]
[WhiteElo "2500"]
[BlackElo "2271"]
[Annotator "ChessBase"]
[PlyCount "118"]
[EventDate "2019.06.18"]
[EventType "swiss"]
[EventCountry "TUR"]
[SourceTitle "playchess.com"]
[Source "ChessBase"]
[SourceQuality "1"]
[TimeControl "5400+30"]

1. Nf3 c5 2. c4 Nc6 3. g3 e5 4. Nc3 Nf6 5. Bg2 d6 6. d3 Be7 7. Bg5 O-O 8. Bxf6 Bxf6 9. O-O Be6 10. Ne1 Qd7 11. Nd5 Be7 12. Nc2 f5 13. Rb1 Rae8 14. b4 Kh8 15. bxc5 dxc5 16. e3 Bd6 17. Na3 f4 18. Nb5 Bb8 19. Nbc3 Bh3 20. Rxb7 Qxb7 21. Bxh3 Nb4 22. Bg2 Qf7 23. Ne4 Nxd5 24. cxd5 h6 25. Bf3 Rd8 26. Nxc5 Rxd5 27. Bxd5 Qxd5 28. Ne4 Qxa2 29. Qb1 Qd5 30. Rc1 Bd6 31. Qc2 Be7 32. Qc4 Qd7 33. Qc7 Qxc7 34. Rxc7 fxe3 35. fxe3 Bd8 36. Rxa7 Bb6 37. Rd7 Bxe3+ 38. Kg2 Bd4 39. g4 Ra8 40. h4 Kg8 41. Nd6 Ra2+ 42. Kg3 Rd2 43. Nf5 Rxd3+ 44. Kg2 Rd2+ 45. Kf3 e4+ 46. Kxe4 Bc3 47. Ne7+ Kf8 48. Nd5 Rd4+ 49. Ke5 Bb2 50. Ke6 Re4+ 51. Kf5 Re5+ 52. Kg6 Ke8 53. Rd6 Re4 54. Kf5 Re5+ 55. Kf4 g5+ 56. hxg5 hxg5+ 57. Kf3 Ba3 58. Nf6+ Kf7 59. Ra6 Re6 1/2-1/2